 Dungeon Crawl Stone Soup version 0.25-a0-448-g1f46b9f714 (webtiles) character file.

Game seed: 4274497842520760091, levelgen mode: deterministic

793 nuthulu the Skirmisher (level 7, -1/48 HPs)
             Began as a Gargoyle Fighter on Jan 31, 2020.
             Killed by divine providence
             ... invoked by an orc priest
              (8 damage)
             ... on level 6 of the Dungeon.
             The game lasted 00:08:10 (3507 turns).

nuthulu the Skirmisher (Gargoyle Fighter)           Turns: 3507, Time: 00:08:11

Health: -1/48      AC: 12    Str: 21    XL:     7   Next: 88%
Magic:  7/7        EV:  7    Int:  8    God:
Gold:   218        SH:  9    Dex: 10    Spells: 6/6 levels left

rFire    . . .     SeeInvis .   a - +0 flail
rCold    . . .     Gourm    .   c - +0 shield
rNeg     + . .     Faith    .   b - +0 scale mail
rPois    ∞         Spirit   .   (no helmet)
rElec    +         Reflect  .   (no cloak)
rCorr    .         Harm     .   (no gloves)
MR       .....                  n - +0 pair of boots
Stlth    ..........             (no amulet)
HPRegen  0.16/turn              (no ring)
MPRegen  0.10/turn              (no ring)

@: flying
A: negative energy resistance 1, electricity resistance, unbreathing,
petrification resistance, rot immunity, AC +4
a: no special abilities


You were on level 6 of the Dungeon.
You were hungry.

You visited 1 branch of the dungeon, and saw 5 of its levels.

You collected 218 gold pieces.

Inventory:

Hand Weapons
 a - a +0 flail (weapon)
Armour
 b - a +0 scale mail (worn)
 c - a +0 shield (worn)
 n - a +0 pair of boots (worn)
Jewellery
 g - an uncursed ring of flight
Wands
 d - a wand of polymorph (7)
Scrolls
 l - 2 scrolls of remove curse
Potions
 e - a potion of agility
 j - 2 potions of flight
 m - a potion of lignification {unknown}
 o - 2 potions of berserk rage {unknown}
Comestibles
 f - 8 rations


   Skills:
 + Level 7.4 Fighting
 + Level 6.3 Maces & Flails
 - Level 3.2 Armour
 - Level 3.2 Shields


You had 6 spell levels left.
You didn't know any spells.
Your spell library contained the following spells:

 Spells                   Type           Power        Failure   Level  Hunger
 Animate Skeleton         Necr           N/A          99%         1    ##.....
 Apportation              Tloc           #.....       99%         1    ##.....
 Corona                   Hex            #......      99%         1    ##.....
 Summon Small Mammal      Summ           #...         99%         1    ##.....


Dungeon Overview and Level Annotations

Branches:
Dungeon (4/15)
 Temple: D:4-7

Altars:
Kikubaaqudgha

Shops:
D:4 [


Innate Abilities, Weirdness & Mutations

You are resistant to torment.
Your stone body is resilient. (AC +4)
You are immune to poison.
You resist negative energy. (rN+)
You are resistant to electric shocks. (rElec)
You can survive without breathing.
You are immune to petrification.
You are immune to rotting.


Message History

Beogh smites you!
* * * LOW HITPOINT WARNING * * *
You block the orc wizard's attack. Something hits you but does no damage.
The orc priest looks encouraged for a moment.
You sock the orc priest!
You kill the orc priest!
The orc wizard gestures wildly while chanting.
The orc wizard blinks!
The orc priest mumbles some strange prayers to Beogh against you.
Pain shoots through your body!
* * * LOW HITPOINT WARNING * * *
You block the orc wizard's attack. Something completely misses you.
You closely miss the orc wizard.
The orc wizard hits you but does no damage.
Something hits you but does no damage.
The orc wizard gestures at you while chanting.
You resist with some effort.
The orc priest mumbles some strange prayers to Beogh against you.
Beogh smites you!
You die...

# ###### #...(..
#...... #......
##########
#.......#
##########.......#
#.@oo....#.......##
#.#o.....#.......#.
#.#......#.......#.
#....#+###.........
####§...#
######'###
#o....###### #.#
#..o.###.#....# #.#
..## #.#.##.# #.#
#...##.#####.#


You could see an orc priest and 2 orc wizards.

Vanquished Creatures
  A hungry ghost (D:3)
  Edmund (D:4)
  A phantom (D:4)
  An ogre (D:6)
  A centaur (D:6)
  A bullfrog (D:6)
  An orc priest (D:6)
  An orc wizard (D:3)
  A worker ant (D:6)
  6 adders
  A shadow imp (D:6)
  An adder skeleton (D:4)
  2 dart slugs
  3 leopard geckos
  6 orcs
  A ball python (D:3)
  3 bats
  8 giant cockroaches
  10 goblins
  10 hobgoblins
  6 jackals
  4 kobolds
  4 quokkas
  4 frilled lizards
  11 rats
89 creatures vanquished.

Notes
Turn   | Place    | Note
-------+----------+-------------------------------------------
     0 | D:1      | nuthulu the Gargoyle Fighter began the quest for the Orb.
     0 | D:1      | Reached XP level 1. HP: 14/14 MP: 1/1
    49 | D:1      | Reached XP level 2. HP: 15/19 MP: 2/2
   518 | D:1      | Reached skill level 4 in Fighting
   518 | D:1      | Reached XP level 3. HP: 16/24 MP: 3/3
  1072 | D:2      | Found an ancient bone altar of Kikubaaqudgha.
  1155 | D:2      | Reached XP level 4. HP: 29/30 MP: 4/4
  1974 | D:3      | Reached XP level 5. HP: 34/34 MP: 5/5
  2038 | D:3      | Noticed a hungry ghost
  2064 | D:3      | Killed a hungry ghost
  2064 | D:3      | Reached skill level 5 in Fighting
  2064 | D:3      | Reached XP level 6. HP: 35/41 MP: 6/6
  2512 | D:4      | Noticed Edmund
  2544 | D:4      | Killed Edmund
  2544 | D:4      | Reached skill level 6 in Fighting
  2544 | D:4      | Reached skill level 5 in Maces & Flails
  2742 | D:4      | Noticed a phantom
  2753 | D:4      | Found Dagoxecuc's Armour Shoppe.
  2787 | D:4      | Killed a phantom
  2787 | D:4      | Reached XP level 7. HP: 42/47 MP: 7/7
  2937 | D:4      | You fall into a shaft and drop 2 floors!
  3052 | D:6      | Reached skill level 7 in Fighting
  3507 | D:6      | Killed from afar by an orc priest

Levels and vault maps discovered:
D:1:      dpeg_arrival_line_fractal, layout_rooms
D:2:      layout_basic, overflow_temple_1_default, first_ration,
          minmay_hedge_maze, nrook_uturn, serial_bayou_lagoon_a
D:3:      layout_basic
D:4:      layout_loops_ring, serial_shops, shop, corexii_checkpoint_a,
          uniq_edmund
D:6:      minmay_spotlight, layout_basic, minmay_temple_entry_glassed_door

Skill      XL: |  1  2  3  4  5  6  7 |
---------------+----------------------+-----
Fighting       | 4 5 6 7 |  7.4
Maces & Flails | 3 4 5 6 |  6.3
Armour         | |  3.2
Shields        | |  3.2

Action                   |  1- 3 |  4- 6 |  7- 9 || total
-------------------------+-------+-------+-------++-------
Melee: Flail             |   107 |   175 |   101 ||   383
  Use: Scroll            |     5 |     2 |     2 ||     9
       Potion            |       |     2 |     5 ||     7
  Eat: Chunk             |     1 |     6 |     2 ||     9
       Ration            |       |     3 |       ||     3
Armor: Scale mail        |    57 |    76 |    61 ||   194
Dodge: Dodged            |    27 |    52 |    26 ||   105
Block: Shield            |    49 |    86 |    56 ||   191

Table legend:
 A = Non-vault XP
 B = Vault XP
 C = Vault XP percentage of total XP
 D = Non-vault monster count
 E = Vault monster count
 F = Vault count percentage of total count
                 A         B        C        D         E       F
            +---------+---------+-------+---------+---------+-------
      Total |     970 |     164 |  14.5 |      88 |       1 |   1.1
            +---------+---------+-------+---------+---------+-------
        D:1 |      37 |       0 |   0.0 |      21 |       0 |   0.0
        D:2 |      74 |       0 |   0.0 |      22 |       0 |   0.0
        D:3 |     283 |       0 |   0.0 |      28 |       0 |   0.0
        D:4 |     167 |     164 |  49.5 |       7 |       1 |  12.5
        D:6 |     409 |       0 |   0.0 |      10 |       0 |   0.0
            +---------+---------+-------+---------+---------+-------
